 Dungeon Crawl Stone Soup version 0.30-a0-210-g01b79a254e (webtiles) character file.

Game seed: 7467519873355939445

142 tombik the Cudgeller (level 5, 0/42 HPs)
             Began as a Demonspawn Berserker on Oct 5, 2022.
             Was a Believer of Trog (penitent).
             Slain by a polar bear (1 damage)
             ... created by the rage of Trog
             ... on level 4 of the Dungeon.
             The game lasted 00:17:44 (2521 turns).

tombik the Cudgeller (Demonspawn Berserker)         Turns: 2521, Time: 00:17:45

Health: 0/42       AC: 11    Str: 18 (19) XL:     5   Next: 3%
Magic:  5/5        EV:  7    Int: 12 (15) God:    Trog [**....]
Gold:   114        SH:  0    Dex: 11 (12) Spells: 2/4 levels left

rFire   + . .      SeeInvis .    a - +1 mace
rCold   x . .      Faith    .    m - orb {*Rage}
rNeg    . . .      Spirit   .    l - +0 chain mail
rPois   .          Reflect  .    (no helmet)
rElec   .          Harm     .    h - +0 cloak
rCorr   .          Rampage  .    e - +1 pair of gloves
Will    .....      Rage     20%  (no boots)
Stlth   ..........               (no amulet)
HPRegen 0.27/turn                c - ring of fire
MPRegen 0.09/turn                n - +6 ring of intelligence

@: no status effects
A: claws 2, foul stench 2
a: Renounce Religion


You were on level 4 of the Dungeon.
You worshipped Trog.
Trog was demanding penance.
You visited 1 branch of the dungeon, and saw 4 of its levels.

You collected 204 gold pieces.
You spent 90 gold pieces at shops.

Inventory:

Hand Weapons
 a - a +1 mace (weapon)
 d - a +2 antimagic dagger
 g - a +0 sling
 i - a +0 morningstar
Missiles
 j - 13 poisoned darts (quivered)
Armour
 e - a +1 pair of gloves (worn)
 h - a +0 cloak (worn)
 l - a +0 chain mail (worn)
 m - an orb of wrath (worn)
Jewellery
 c - a ring of fire (left hand)
 n - a +6 ring of intelligence (right hand)
Wands
 o - a wand of flame (11)
Scrolls
 f - 2 scrolls of teleportation
 k - a scroll of butterflies
Potions
 b - 2 potions of heal wounds


   Skills:
 + Level 3.9 Fighting
 + Level 4.1 Maces & Flails
 + Level 2.1 Armour
 + Level 2.3 Dodging
 + Level 0.4 Stealth


You had 2 spell levels left.
You knew the following spells:

 Your Spells              Type           Power      Damage    Failure   Level
a - Blink                 Tloc           0%         N/A       100%        2

Your spell library contained the following spells:

 Spells                   Type           Power      Damage    Failure   Level
 Momentum Strike          Conj/Tloc      0%         3d8       100%        2
 Ignite Poison            Fire/Tmut/Pois 0%         N/A       100%        3
 Kindle Blastsparks       Fire/Tloc/Air  0%         2d10      100%        3
 Lesser Beckoning         Tloc           0%         N/A       100%        3
 Freezing Cloud           Conj/Ice/Air   0%         6-21      100%        5


Dungeon Overview and Level Annotations

Branches:
Dungeon (4/15)
 Temple: D:4-7

Altars:
Kikubaaqudgha
Xom
Yredelemnul

Shops:
D:3 [=[[(


Innate Abilities, Weirdness & Mutations

You have very sharp fingernails.
You sometimes emit foul miasma when damaged in melee.


Message History

You climb downwards.
There is a stone staircase leading up here.
Found a stone staircase leading up.
No target in view!
A hobgoblin comes into view.
Found a stone staircase leading down.
The hobgoblin shouts!
No target in view!
No target in view!
No target in view!
The hobgoblin barely misses you.
You hit the hobgoblin.
The hobgoblin is severely wounded.
The hobgoblin hits you but does no damage.
You hit the hobgoblin.
You kill the hobgoblin!
Trog accepts your kill.
Found an ancient bone altar of Kikubaaqudgha.
Found a ring mail.
You see here a +1 pair of gloves.
Trog sends monsters to punish you.
The divine experience drains your vigour!
You feel yourself slow down. 2 polar bears and 4 black bears come into view.
You closely miss the polar bear.
You feel yourself speed up. The black bear bites you.
The black bear barely misses you. The black bear completely misses you.
The polar bear bites you!!
Ouch! That really hurt!
The polar bear claws you but does no damage.
The polar bear barely misses you.
The black bear attacks as you move away!
The black bear bites you but does no damage.
The black bear claws you but does no damage.
The black bear barely misses you. The polar bear bites you!
* * * LOW HITPOINT WARNING * * *
The polar bear claws you.
* * * LOW HITPOINT WARNING * * *
You emit a cloud of foul miasma!
The polar bear claws you.
You die...

> ### ..###
...####### #...##
#..#.......#....##
###..##.._..##.....#
..#..P.......P..@..#
#...........P.hh.h.#
##....P.###P..hh..##
##...P..P#P.Ph...##
......P..P.PP[####
..#......P...##
........P..###
..####.....# ..#
#.##.##


You could see 2 polar bears and 4 black bears.

Vanquished Creatures
  4 gnolls (D:2)
  2 adders
  A worm (D:3)
  A dart slug (D:1)
  6 bats
  4 endoplasms
  12 giant cockroaches
  10 hobgoblins
  8 kobolds
  6 quokkas
  6 ball pythons
  3 frilled lizards
  5 goblins
  6 rats
74 creatures vanquished.

Notes
Turn   | Place    | Note
-------+----------+-------------------------------------------
     0 | D:1      | tombik the Demonspawn Berserker began the quest for the
                  | Orb.
     0 | D:1      | Reached XP level 1. HP: 18/18 MP: 1/1
    97 | D:1      | Found a faded altar of an unknown god.
   110 | D:1      | Gained mutation: You may rarely emit foul miasma when
                  | damaged in melee. [demonic ancestry]
   110 | D:1      | Reached XP level 2. HP: 24/24 MP: 2/2
   151 | D:1      | Reached skill level 3 in Maces & Flails
   700 | D:1      | Found a shimmering altar of Xom.
   751 | D:2      | Reached ** piety under Trog
   757 | D:2      | Gained mutation: You sometimes emit foul miasma when
                  | damaged in melee. [demonic ancestry]
   757 | D:2      | Reached XP level 3. HP: 18/29 MP: 3/3
  1053 | D:2      | Gained mutation: You have sharp fingernails. [demonic
                  | ancestry]
  1053 | D:2      | Reached XP level 4. HP: 6/37 MP: 4/4
  1784 | D:3      | Found a basalt altar of Yredelemnul.
  1797 | D:3      | Found Noxor's Antique Armour Shoppe.
  1806 | D:3      | Bought a cloak for 90 gold pieces
  1841 | D:3      | Found Naqogh's Jewellery Emporium.
  1966 | D:3      | Reached skill level 4 in Maces & Flails
  2001 | D:3      | Found Feynep's Weapon Shop.
  2210 | D:3      | Found Wiugak's Antique Armour Shoppe.
  2274 | D:3      | Found Ziadur's Armour Shoppe.
  2278 | D:3      | Gained mutation: You have very sharp fingernails. [demonic
                  | ancestry]
  2278 | D:3      | Reached XP level 5. HP: 42/42 MP: 5/5
  2316 | D:3      | Was placed under penance by Trog
  2319 | D:3      | Learned a level 2 spell: Blink
  2503 | D:4      | Found an ancient bone altar of Kikubaaqudgha.
  2519 | D:4      | Noticed a black bear
  2519 | D:4      | Noticed a polar bear
  2519 | D:4      | Noticed a polar bear
  2519 | D:4      | Noticed a black bear
  2519 | D:4      | Noticed a black bear
  2519 | D:4      | Noticed a black bear
  2521 | D:4      | HP: 1/42 [polar bear[the rage of Trog] (3)]
  2521 | D:4      | Slain by a polar bear

Illustrated notes

Levels and vault maps discovered:
D:1:      dpeg_arrival_water_altar, layout_rooms,
          shapermc_ecumenical_altar_mp_ritualfount, kennysheep_doodads
D:2:      layout_loops_ring, serial_glass, glass_columns_a, glass_columns_a,
          glass_columns_c, glass_columns_a, glass_columns_c, glass_columns_b,
          glass_columns_a, glass_columns_c, glass_columns_c, glass_columns_b,
          glass_columns_b, glass_columns_b, glass_columns_b, glass_columns_a
D:3:      minmay_roachtagon, layout_loops_ring, lemuel_crystal_altar,
          serial_shops, nicolae_shop_hallway_plus, shop, shop,
          nicolae_shop_bloodbath_and_beyond, nicolae_shop_hallway_plus,
          minmay_misc_feat_four_crosses
D:4:      layout_rooms, kiku_gazebo_garden_becter, slow_altar_2,
          uniq_blork_the_orc

Skill      XL: |  1  2  3  4 |
---------------+-------------+-----
Maces & Flails | 3 4 |  4.1
Dodging        | 2 |  2.3
Armour         | 2 |  2.1
Fighting       | |  3.9
Stealth        | |  0.4

Action                   |  1- 3 |  4- 6 || total
-------------------------+-------+-------++-------
Melee: Mace              |    92 |    88 ||   180
Invok: Berserk           |     1 |       ||     1
       Trog's Hand       |       |     1 ||     1
  Use: Scroll            |     3 |     5 ||     8
       Potion            |     2 |     2 ||     4
Armor: Animal skin       |    19 |       ||    19
       Scale mail        |    10 |    12 ||    22
       Chain mail        |       |    57 ||    57
Dodge: Dodged            |    66 |    62 ||   128

Table legend: (Time is in decaauts)
 A = Elapsed time spent in this place.
 B = Non-inter-level travel time spent in this place.
 C = Inter-level travel time spent in this place.
 D = Time resting spent in this place.
 E = Time spent auto-exploring this place.
 F = Levels seen in this place.
 G = Mean time per level.
                   A        B        C        D        E       F      G
               +--------+--------+--------+--------+--------+-----+--------+
         Total |   2605 |   2509 |     96 |      2 |   1729 |   4 |  651.2 |
       Dungeon |   2605 |   2509 |     96 |      2 |   1729 |   4 |  651.2 |
               +--------+--------+--------+--------+--------+-----+--------+

Top non-repeatable levels by time:
     D:2: 982 daAuts
     D:3: 823 daAuts
     D:1: 754 daAuts
     D:4: 43 daAuts
